 Dungeon Crawl Stone Soup version 0.30.0-19-g36f170ea60 (webtiles) character file.

Game seed: 2017794016959686092

3364 bmack86 the Severer (level 9, -9/70 HPs)
             Began as a Minotaur Fighter on May 29, 2023.
             Was an Initiate of Gozag.
             Mangled by an orc warrior
             ... wielding a +0 glaive
              (20 damage)
             ... in a bailey.
             The game lasted 00:18:05 (4195 turns).

bmack86 the Severer (Minotaur Fighter)              Turns: 4195, Time: 00:18:06

Health: -9/70      AC: 15    Str: 24    XL:     9   Next: 73%
Magic:  8/8        EV:  6    Int:  5    God:    Gozag
Gold:   575        SH:  4    Dex: 11    Spells: 8/8 levels left

rFire   . . .        a - +1 war axe
rCold   . . .        c - +0 buckler
rNeg    . . .        i - +1 plate armour
rPois   +            (helmet restricted)
rElec   .            (no cloak)
rCorr   .            g - +2 pair of gloves
SInv    .            (no boots)
Will    .....        h - amulet of regeneration Stlth
                     b - ring of poison resistance
HPRegen 1.11/turn    (no ring)
MPRegen 0.11/turn

%: no passive effects
@: mighty, gold aura, hasted, very quick
A: horns 2, retaliatory headbutt
a: Renounce Religion, Potion Petition, Call Merchant, Bribe Branch


You were in a bailey.
You worshipped Gozag.
Gozag was pleased with you.
You visited 2 branches of the dungeon, and saw 8 of its levels.
You also visited: Bailey.

You collected 670 gold pieces.
You paid 95 gold pieces to Gozag.

Inventory:

Hand Weapons
 a - a +1 war axe (weapon)
Missiles
 l - 5 boomerangs (quivered)
 r - 5 curare-tipped darts
Armour
 c - a +0 buckler (worn)
 g - a +2 pair of gloves (worn)
 i - a +1 plate armour (worn)
Jewellery
 b - a ring of poison resistance (left hand)
 h - an amulet of regeneration (around neck)
Wands
 s - a wand of mindburst (18)
 y - a wand of digging (4)
Scrolls
 k - a scroll of noise
 A - a scroll of teleportation
Potions
 d - a potion of might
 e - a potion of haste
 m - 2 potions of brilliance
 o - a potion of curing
 q - 5 potions of berserk rage
 t - a potion of invisibility {unknown}
 v - 2 potions of flight {unknown}
 x - a potion of ambrosia {unknown}
 z - a potion of attraction {unknown}
 C - a potion of heal wounds


   Skills:
 - Level 3.6 Fighting
 + Level 16.2 Axes
 - Level 3.6 Armour
 - Level 3.6 Shields


You had 8 spell levels left.
You didn't know any spells.
Your spell library contained the following spells:

 Spells                   Type           Power      Damage    Failure   Level
 Sting                    Tmut/Pois      0%         1d3       100%        1
 Poisonous Vapours        Pois/Air       0%         N/A       100%        2
 Scorch                   Fire           0%         2d5       100%        2
 Dazzling Flash           Conj/Hex       0%         N/A       100%        3
 Vhi's Electric Charge    Tloc/Air       0%         N/A       100%        3
 Volatile Blastmotes      Fire/Tloc      0%         2d10      100%        3
 Flame Wave               Conj/Fire      0%         2d4       100%        4
 Iskenderun's Mystic Bla  Conj/Tloc      0%         2d3       100%        4
 Olgreb's Toxic Radiance  Pois           0%         N/A       100%        4
 Arcjolt                  Conj/Air       0%         1d10      100%        5
 Starburst                Conj/Fire      0%         6d3       100%        6
 Summon Cactus Giant      Summ           0%         N/A       100%        6
 Borgnjor's Revivificati  Necr           0%         N/A       100%        8
 Maxwell's Capacitive Co  Air            0%         ∞         100%        8
 Necromutation            Tmut/Necr      0%         N/A       100%        8
 Death's Door             Necr           0%         N/A       100%        9


Dungeon Overview and Level Annotations

Branches:
Dungeon (7/15)             Temple (1/1) D:4          Bailey (1/1)

Altars:
Ashenzari
Dithmenos
Gozag
Hepliaklqana
Kikubaaqudgha
Nemelex Xobeh
Qazlal
Ru
Uskayaw
Wu Jian
Xom
Yredelemnul
Zin

Shops:
D:1 [

Annotations:
Bailey 2 runed translucent doors


Innate Abilities, Weirdness & Mutations

You have a pair of horns on your head.
You reflexively headbutt those who attack you in melee.


Message History

The orc knight hits you from afar with a +0 glaive!
You block the orc warrior's attack.
The orc knight roars a battlecry!
The orcs go into a battle-frenzy!
You hear a shout!
An orc warrior comes into view. It is wielding a +0 spear.
The orc warrior shouts!
You slice the orc knight!! You headbutt the orc knight!
The orc knight is heavily wounded.
You hit the orc warrior. You barely miss the orc warrior.
The orc warrior hits you with a +0 glaive!!
The orc hits you but does no damage.
The orc warrior hits you with a +0 bardiche.
* * * LOW HITPOINT WARNING * * *
An orc comes into view. It is wielding a +0 trident.
The orc warrior hits you from afar with a +0 glaive!
* * * LOW HITPOINT WARNING * * *
The orc hits you but does no damage.
The orc warrior hits you with a +0 bardiche.
* * * LOW HITPOINT WARNING * * *
The orc knight roars a battlecry!
The orc goes into a battle-frenzy!
You hit the orc warrior. You headbutt the orc warrior!!
The orc warrior is severely wounded.
You slash the orc!
You kill the orc!
You barely miss the orc knight. You barely miss the orc warrior.
The orc warrior is severely wounded.
You slash the orc knight!
Unknown command.
You slash the orc warrior!
You kill the orc warrior!
You barely miss the orc knight. You block the orc warrior's attack.
The orc knight hits you but does no damage.
Unknown command.
The deep elf zephyrmancer shouts!
The orc warrior hits you from afar with a +0 glaive!!
You die...
Your body crumbles into a pile of gold.

... ...# #++# #..#
....##o.# e...#..#
#..#o.# .#..# # $
$#$.# #. #.@#
#..########.o#
##...8....8..o##
#......$..$$...#
#$.####''####.$#♣♣♣♣#
####........####..≈≈#
.................≈≈≈#
..♣............≈≈≈≈#
♣♣♣...#.)..#...≈≈≈≈≈≈#


You could see an orc knight, a deep elf zephyrmancer, 2 orc warriors and an orc
(strong).

Vanquished Creatures
  Pikel (D:4)
  5 yaks (D:7)
  Eustachio (D:6)
  A water moccasin (D:5)
  A black bear (D:6)
  3 orc warriors (Bailey)
  2 sky beasts
  A phantom (D:5)
  Blork the orc (D:5)
  2 scorpions (D:6)
  5 killer bees (D:7)
  A howler monkey (D:6)
  4 hounds
  4 orc priests
  3 jellies
  A sleepcap (D:4)
  2 iguanas (D:5)
  8 orc wizards
  Robin (D:2)
  6 gnolls
  6 adders
  A white imp (D:6)
  An ufetubus (D:4)
  A worm (D:5)
  3 dart slugs
  29 orcs
  6 ball pythons
  9 bats
  An endoplasm (D:2)
  A giant cockroach (D:4)
  20 goblins
  15 hobgoblins
  4 jackals (D:4)
  7 kobolds
  3 quokkas
  4 frilled lizards
  10 rats
174 creatures vanquished.

Notes
Turn   | Place    | Note
-------+----------+-------------------------------------------
     0 | D:1      | bmack86 the Minotaur Fighter began the quest for the Orb.
     0 | D:1      | Reached XP level 1. HP: 19/19 MP: 0/0
    44 | D:1      | Reached skill level 3 in Axes
   102 | D:1      | Reached XP level 2. HP: 25/26 MP: 1/1
   212 | D:1      | Found Porhushre's Armour Shop.
   303 | D:1      | Reached skill level 4 in Axes
   760 | D:2      | Reached XP level 3. HP: 31/31 MP: 2/2
   994 | D:2      | Found a basalt altar of Yredelemnul.
  1005 | D:2      | Reached skill level 5 in Axes
  1007 | D:2      | Noticed Robin
  1016 | D:2      | Reached XP level 4. HP: 25/39 MP: 3/3
  1020 | D:2      | Killed Robin
  1353 | D:3      | Reached skill level 6 in Axes
  1385 | D:3      | Reached XP level 5. HP: 45/45 MP: 4/4
  1418 | D:3      | Found a shadowy altar of Dithmenos.
  1748 | D:3      | You fall into a shaft and drop 1 floor!
  1899 | D:4      | Found a staircase to the Ecumenical Temple.
  1907 | Temple   | Entered the Ecumenical Temple
  1947 | D:4      | Reached skill level 7 in Axes
  2041 | D:4      | Reached XP level 6. HP: 51/51 MP: 5/5
  2119 | D:4      | Noticed a sky beast
  2120 | D:4      | Noticed Pikel
  2135 | D:4      | Killed Pikel
  2136 | D:4      | Reached skill level 10 in Axes
  2136 | D:4      | Reached XP level 7. HP: 49/57 MP: 6/6
  2431 | D:5      | Entered Level 5 of the Dungeon
  2434 | D:5      | Found an opulent altar of Gozag.
  2439 | D:5      | Reached skill level 11 in Axes
  2615 | D:6      | Reached XP level 8. HP: 64/64 MP: 7/7
  2654 | D:6      | Reached skill level 12 in Axes
  2715 | D:6      | Noticed Eustachio
  2733 | D:6      | Killed Eustachio
  2741 | D:6      | Reached skill level 13 in Axes
  2815 | D:5      | Became a worshipper of Gozag Ym Sagoz the Greedy
  2952 | D:5      | Found an ornate altar of the Wu Jian Council.
  2980 | D:5      | Noticed Blork the orc
  2988 | D:5      | Killed Blork the orc
  3500 | D:5      | Reached XP level 9. HP: 53/70 MP: 8/8
  3504 | D:5      | Reached skill level 14 in Axes
  3701 | D:5      | Found a shimmering altar of Xom.
  3701 | D:5      | Found a broken altar of Ashenzari.
  3982 | D:7      | Reached skill level 15 in Axes
  3998 | D:7      | HP: 3/70 [yak (5)]
  4084 | D:7      | Found a flagged portal.
  4091 | Bailey   | Entered a bailey
  4171 | Bailey   | Reached skill level 16 in Axes
  4184 | Bailey   | Noticed an orc knight
  4191 | Bailey   | Found a large runed translucent door.
  4191 | Bailey   | Found a large runed translucent door.
  4195 | Bailey   | Noticed a deep elf zephyrmancer
  4195 | Bailey   | Mangled by an orc warrior

Illustrated notes

Levels and vault maps discovered:
D:1:      kennysheep_arrival_forest, layout_loops_ring, serial_shops,
          shop_statue
D:2:      layout_rooms, basic_altar, uniq_robin
D:3:      layout_rooms, nicolae_dithmenos_shadow_blocks
D:4:      layout_loops_ring, minmay_temple_entry_grid, uniq_pikel
D:5:      wander_river, layout_basic, nicolae_overflow_hidden_temple,
          mainiacjoe_overflow_boulevard, gammafunk_temple_overflow_statue,
          uniq_blork_the_orc
D:6:      layout_rooms, serial_glass, glass_columns_a, glass_columns_a,
          due_unseen_surprise, item_on_display_a, item_on_display_a,
          uniq_eustachio
D:7:      layout_loops_ring, nicolae_tso_swordbearing_angel, enter_bailey_3
Temple:   hellmonk_temple_two_chambers
Bailey:   bailey_polearm_elven_captive_hellmonk, bailey

Skill      XL: |  1  2  3  4  5  6  7  8  9 |
---------------+----------------------------+-----
Axes           | 3 4 5 6 7 10 11 13 16 | 16.2
Fighting       | |  3.6
Armour         | |  3.6
Shields        | |  3.6

Action                     |  1- 3 |  4- 6 |  7- 9 || total
---------------------------+-------+-------+-------++-------
  Melee: War axe           |    91 |    90 |   246 ||   427
         Headbutt          |    12 |    12 |    41 ||    65
  Evoke: Wand              |       |       |     1 ||     1
    Use: Scroll            |       |     2 |    12 ||    14
         Potion            |       |       |     6 ||     6
   Stab: Distracted        |       |       |     2 ||     2
 Armour: Scale mail        |    30 |       |       ||    30
         Plate armour      |    49 |    84 |   117 ||   250
  Dodge: Dodged            |    48 |    32 |    47 ||   127
  Block: Buckler           |    28 |    21 |    39 ||    88
